 Dungeon Crawl Stone Soup version 0.27.1-4-g1640c2035a (webtiles) character file.

Game seed: 8110525969177873064

466 jjjjhere the Charlatan (level 7, 0/43 (52) HPs)
             Began as a Gnoll Artificer on Nov 7, 2021.
             Was a Believer of Dithmenos.
             Slain by a necrophage (3 damage)
             ... on level 4 of the Dungeon.
             The game lasted 00:08:59 (4797 turns).

jjjjhere the Charlatan (Gnoll Artificer)            Turns: 4797, Time: 00:08:59

HP:   0/43 (52)     AC:  4    Str: 12    XL:     7   Next: 8%
MP:   10/10         EV: 12    Int: 12    God:    Dithmenos [**....]
Gold: 249           SH:  0    Dex: 12    Spells: 8/10 levels left

rFire    . . .     SeeInvis .   A - +1 dagger (venom)
rCold    . . .     Faith    .   (no shield)
rNeg     + . .     Spirit   .   b - +0 leather armour
rPois    .         Reflect  .   x - +0 helmet
rElec    .         Harm     .   u - scarf {repulsion}
rCorr    .         Rampage  .   (no gloves)
Will     .....                  (no boots)
Stlth    +++.......             (no amulet)
HPRegen  0.14/turn              v - ring of positive energy
MPRegen  0.12/turn              (no ring)

@: wreathed by umbra, heavily drained, repel missiles
A: fangs 1, strong nose, distributed training
a: Renounce Religion, Shadow Step


You were on level 4 of the Dungeon.
You worshipped Dithmenos.
Dithmenos was pleased with you.
You visited 1 branch of the dungeon, and saw 5 of its levels.

You collected 249 gold pieces.

Inventory:

Hand Weapons
 a - a +0 club
 h - a +2 dagger of freezing
 q - a +3 flail
 A - a +1 dagger of venom (weapon)
Armour
 b - a +0 leather armour (worn)
 u - a scarf of repulsion (worn)
 x - a +0 helmet (worn)
Jewellery
 v - a ring of positive energy (left hand)
Wands
 d - a wand of charming (10)
Scrolls
 i - 3 scrolls of teleportation {unknown}
 n - a scroll of immolation {unknown}
 p - a scroll of brand weapon {unknown}
 r - a scroll of blinking {unknown}
 s - a scroll of magic mapping {unknown}
 t - a scroll of noise {unknown}
 w - a scroll of identify {unknown}
 y - 2 scrolls of amnesia {unknown}
Potions
 c - a potion of haste {unknown}
 f - a potion of attraction {unknown}
 g - 2 potions of lignification {unknown}
 j - 2 potions of curing {unknown}
 k - 2 potions of flight {unknown}
 l - a potion of berserk rage {unknown}
 m - a potion of heal wounds {unknown}
 o - a potion of degeneration {unknown}
 z - a potion of mutation {unknown}
Miscellaneous
 e - a piece from Xom's chessboard (4/15)


   Skills:
 + Level 3.4 Fighting
 + Level 2.2 Short Blades
 + Level 2.2 Long Blades
 + Level 2.2 Axes
 + Level 2.2 Maces & Flails
 + Level 2.2 Polearms
 + Level 2.2 Staves
 + Level 2.2 Slings
 + Level 2.2 Bows
 + Level 2.2 Crossbows
 + Level 2.2 Throwing
 + Level 5.1 Armour
 + Level 3.4 Dodging
 + Level 3.3 Stealth
 + Level 2.2 Shields
 + Level 2.2 Unarmed Combat
 + Level 2.2 Spellcasting
 + Level 1.8 Conjurations
 + Level 1.8 Hexes
 + Level 1.8 Summonings
 + Level 1.8 Necromancy
 + Level 1.8 Translocations
 + Level 1.8 Transmutations
 + Level 1.8 Fire Magic
 + Level 1.8 Ice Magic
 + Level 1.8 Air Magic
 + Level 1.8 Earth Magic
 + Level 1.8 Poison Magic
 + Level 2.5 Invocations
 + Level 6.9 Evocations


You had 8 spell levels left.
You knew the following spells:

 Your Spells              Type           Power      Damage    Failure   Level
a - Poisonous Vapours     Pois/Air       10%        N/A       24%         2

Your spell library contained the following spells:

 Spells                   Type           Power      Damage    Failure   Level
 Corpse Rot               Necr/Air       N/A        N/A       24%         2
 Freezing Cloud           Conj/Ice/Air   2%         6-21      99%         5


Dungeon Overview and Level Annotations

Branches:
Dungeon (5/15)
 Temple: D:4-7

Altars:
Dithmenos
Gozag


Innate Abilities, Weirdness & Mutations

You have very sharp teeth.
Your uncanny sense of smell can sniff out nearby items.
Your experience applies equally to all skills.


Message History

You make a move on Xom's chessboard...
Nothing appears to happen.
The necrophage hits you. You partially resist.
You feel drained.
Unknown command.
You barely miss the necrophage.
The necrophage is moderately damaged.
The necrophage hits you. You partially resist.
You feel drained.
You make a move on Xom's chessboard...
The necrophage falls asleep!
The necrophage hits you.
You hit the necrophage but do no damage.
The necrophage is moderately damaged.
The necrophage hits you.
You hit the necrophage.
You bite the necrophage, but do no damage.
The necrophage is moderately damaged.
The necrophage hits you.
* * * LOW HITPOINT WARNING * * *
You partially resist.
You feel drained.
You barely miss the necrophage.
The necrophage is moderately damaged.
The necrophage closely misses you.
There is a stone staircase leading up here.
You make a move on Xom's chessboard...
The necrophage resists with some effort.
The necrophage hits you.
* * * LOW HITPOINT WARNING * * *
You make a move on Xom's chessboard...
The necrophage resists with significant effort.
The necrophage misses you.
Unknown command.
You make a move on Xom's chessboard...
The necrophage falls asleep!
The necrophage hits you.
* * * LOW HITPOINT WARNING * * *
You make a move on Xom's chessboard...
The necrophage resists with some effort.
The necrophage hits you but does no damage.
You make a move on Xom's chessboard...
The necrophage is unaffected.
The necrophage hits you.
* * * LOW HITPOINT WARNING * * *
The necrophage hits you.
You die...

#...........#.#.# #.######....
##............_..# #...........
.............#.### #....)......
.............(.# #...........
..............###### #..........#
##.................# #..........#
#######'#########.# ##..........
#.#.....n<#.# #........##
########.#......@#.####.#..)..)##
...†.............................
.#######.#.....#+#......#........
.+.......##...#......####...[....
.##########.#........# #........
.# #######.#........####........
.####............................
###..................#####.......
#............................##


You could see a necrophage (fast, slow).

Vanquished Creatures
  Grinder (D:3)
  A hound (D:5)
  An orc priest (D:3)
  Terence (D:2)
  A hound skeleton (D:5)
  5 adders
  A gnoll (D:1)
  A shadow imp (D:5)
  An adder skeleton (D:4)
  2 dart slugs
  6 orcs
  4 ball pythons
  7 endoplasms
  11 goblins
  3 hobgoblins
  6 kobolds
  3 quokkas
  6 bats
  2 frilled lizards
  7 rats
70 creatures vanquished.

Vanquished Creatures (collateral kills)
  A hound (D:5)
  A howler monkey skeleton (D:5)
  An orc (D:5)
3 creatures vanquished.

Vanquished Creatures (others)
  An orc priest (D:5)
  An iguana (D:5)
2 creatures vanquished.

Grand Total: 75 creatures vanquished

Notes
Turn   | Place    | Note
-------+----------+-------------------------------------------
     0 | D:1      | jjjjhere the Gnoll Artificer began the quest for the Orb.
     0 | D:1      | Reached XP level 1. HP: 17/17 MP: 1/1
    35 | D:1      | Found a faded altar of an unknown god.
   200 | D:1      | Became a worshipper of Dithmenos the Shadowed
   200 | D:1      | Reached * piety under Dithmenos
   278 | D:1      | Reached XP level 2. HP: 23/23 MP: 2/2
   960 | D:1      | HP: 7/23 [gnoll (5)]
   962 | D:1      | Reached XP level 3. HP: 8/28 MP: 2/4
  1503 | D:2      | Reached skill level 1 in Invocations
  1655 | D:2      | Reached ** piety under Dithmenos
  1747 | D:2      | Learned a level 2 spell: Poisonous Vapours
  1824 | D:2      | Reached skill level 1 in Short Blades
  1824 | D:2      | Reached skill level 1 in Long Blades
  1824 | D:2      | Reached skill level 1 in Axes
  1824 | D:2      | Reached skill level 1 in Maces & Flails
  1824 | D:2      | Reached skill level 1 in Polearms
  1824 | D:2      | Reached skill level 1 in Staves
  1824 | D:2      | Reached skill level 1 in Slings
  1824 | D:2      | Reached skill level 1 in Bows
  1824 | D:2      | Reached skill level 1 in Crossbows
  1824 | D:2      | Reached skill level 1 in Throwing
  1824 | D:2      | Reached skill level 1 in Shields
  1824 | D:2      | Reached skill level 1 in Unarmed Combat
  1824 | D:2      | Reached skill level 1 in Spellcasting
  1903 | D:2      | Noticed Terence
  1908 | D:2      | Reached XP level 4. HP: 34/34 MP: 5/5
  1921 | D:2      | Killed Terence
  2112 | D:2      | Reached skill level 1 in Conjurations
  2112 | D:2      | Reached skill level 1 in Hexes
  2112 | D:2      | Reached skill level 1 in Summonings
  2112 | D:2      | Reached skill level 1 in Necromancy
  2112 | D:2      | Reached skill level 1 in Translocations
  2112 | D:2      | Reached skill level 1 in Transmutations
  2112 | D:2      | Reached skill level 1 in Fire Magic
  2112 | D:2      | Reached skill level 1 in Ice Magic
  2112 | D:2      | Reached skill level 1 in Air Magic
  2112 | D:2      | Reached skill level 1 in Earth Magic
  2112 | D:2      | Reached skill level 1 in Poison Magic
  2408 | D:3      | Noticed Grinder
  2657 | D:3      | HP: 5/34 [Grinder/nerve-wracking pain (11)]
  2658 | D:3      | Killed Grinder
  2659 | D:3      | Reached XP level 5. HP: 6/41 MP: 5/7
  2659 | D:3      | Reached XP level 6. HP: 7/47 MP: 5/8
  2960 | D:3      | Reached skill level 5 in Armour
  3586 | D:4      | You fall into a shaft and drop 1 floor!
  3586 | D:5      | Entered Level 5 of the Dungeon
  3601 | D:5      | HP: 14/47 [poisoned by a scorpion]
  3628 | D:5      | HP: 12/47 [hound skeleton (2)]
  3633 | D:5      | HP: 11/47 [hound skeleton (1)]
  4017 | D:5      | Noticed a necrophage
  4026 | D:5      | Reached XP level 7. HP: 29/52 MP: 10/10
  4184 | D:4      | Found an opulent altar of Gozag.
  4788 | D:4      | HP: 12/44 [necrophage (4)]
  4794 | D:4      | HP: 9/43 [necrophage (1)]
  4796 | D:4      | HP: 3/43 [necrophage (6)]
  4797 | D:4      | Slain by a necrophage

Illustrated notes

Levels and vault maps discovered:
D:1:      nzn_arrival_depleted_hourglass, layout_loops_corners,
          basic_ecumenical_altar, minmay_misc_feat_encased
D:2:      layout_basic, minmay_pentomino_pile, uniq_terence
D:3:      layout_basic, grunt_ministairs_1, grunt_decor_one_mirror,
          chequers_serial_rivers_small_3, uniq_grinder
D:4:      layout_basic, lemuel_crystal_altar
D:5:      layout_basic, nicolae_overflow_hidden_temple, grunt_ministairs_14,
          st_stairs_11, uniq_sigmund

Skill      XL: |  1  2  3  4  5  6 |
---------------+-------------------+-----
Invocations    | 1 2 |  2.5
Short Blades   | 1 2 |  2.2
Long Blades    | 1 2 |  2.2
Axes           | 1 2 |  2.2
Maces & Flails | 1 2 |  2.2
Polearms       | 1 2 |  2.2
Staves         | 1 2 |  2.2
Slings         | 1 2 |  2.2
Bows           | 1 2 |  2.2
Crossbows      | 1 2 |  2.2
Throwing       | 1 2 |  2.2
Shields        | 1 2 |  2.2
Unarmed Combat | 1 2 |  2.2
Spellcasting   | 1 2 |  2.2
Conjurations   | 1 |  1.8
Hexes          | 1 |  1.8
Summonings     | 1 |  1.8
Necromancy     | 1 |  1.8
Translocations | 1 |  1.8
Transmutations | 1 |  1.8
Fire Magic     | 1 |  1.8
Ice Magic      | 1 |  1.8
Air Magic      | 1 |  1.8
Earth Magic    | 1 |  1.8
Poison Magic   | 1 |  1.8
Fighting       | 3 |  3.4
Dodging        | 3 |  3.4
Stealth        | 3 |  3.3
Armour         | 5 |  5.1
Evocations     | |  6.9

Action                   |  1- 3 |  4- 6 |  7- 9 || total
-------------------------+-------+-------+-------++-------
Melee: Club              |     8 |       |       ||     8
       Dagger            |    55 |    93 |    31 ||   179
       Bite              |     4 |    12 |     3 ||    19
 Cast: Poisonous Vapours |       |     1 |     7 ||     8
Evoke: Wand              |     2 |    18 |       ||    20
       Piece from Xom's  |       |       |    11 ||    11
 Stab: Sleeping          |    11 |     7 |     4 ||    22
Armor: Leather armour    |     6 |    20 |     6 ||    32
Dodge: Dodged            |    33 |    53 |     9 ||    95
